 Dungeon Crawl Stone Soup version 0.32-a0-996-gb3226c233f (webtiles) character file.

Game seed: 289859668061013347

3545 ohnonotagain the Cleaver (level 9, -9/78 HPs)
             Began as a Mountain Dwarf Fighter on Apr 23, 2024.
             Was a Priest of Beogh.
             Mangled by Korbok the orc apostle
             ... wielding a +5 great sword of pain
              (16 damage)
             ... on level 7 of the Dungeon.
             The game lasted 00:18:12 (7832 turns).

ohnonotagain the Cleaver (Mountain Dwarf Fighter)   Turns: 7832, Time: 00:18:12

Health: -9/78      AC: 17    Str: 33    XL:     9   Next: 83%
Magic:  14/14      EV:  9    Int:  9    God:    Beogh [***...]
Gold:   371        SH:  5    Dex: 11    Spells: 8/8 levels left

rFire   . . .        b - +6 trident "Weloan" {flame, Will++ Str+6}
rCold   . . .        c - +0 buckler
rNeg    . . .        q - +0 scale mail
rPois   .            z - +1 helmet
rElec   .            (no cloak)
rCorr   .            t - +0 pair of gloves
SInv    .            v - +0 pair of boots
Will    ++...        (no amulet) Stlth
                     o - +4 ring of protection
HPRegen 0.33/turn    l - +6 ring of strength
MPRegen 0.14/turn

%: no passive effects
@: mighty
A: runic magic, artefact enchanting
a: Renounce Religion, Smiting, Recall Apostles, Dismiss Warrok, wizard


You were on level 7 of the Dungeon.
You worshipped Beogh.
Beogh was most pleased with you.
You visited 1 branch of the dungeon, and saw 8 of its levels.
You also visited: Sewer.

You collected 371 gold pieces.

Inventory:

Hand Weapons
 a - a +0 broad axe
 b - the +6 trident "Weloan" (weapon) {flame, Will++ Str+6}
   (You found it in a sewer)

   Str+6:     It affects your strength (+6).
   Will++:    It greatly increases your willpower.
Missiles
 e - a throwing net
Armour
 c - a +0 buckler (worn)
 q - a +0 scale mail (worn)
 t - a +0 pair of gloves (worn)
 v - a +0 pair of boots (worn)
 z - a +1 helmet (worn)
Jewellery
 l - a +6 ring of strength (right hand)
 o - a +4 ring of protection (left hand)
 J - an amulet of faith
Wands
 x - a wand of polymorph (8)
 F - a wand of flame (12)
 G - a wand of paralysis (25)
 I - a wand of mindburst (16)
Scrolls
 f - a scroll of fog
 j - a scroll of teleportation
 m - a scroll of enchant weapon {unknown}
 p - a scroll of revelation {unknown}
 s - 2 scrolls of vulnerability
 w - 2 scrolls of fear
 y - a scroll of torment {unknown}
 B - a scroll of brand weapon {unknown}
 D - a scroll of immolation {unknown}
 E - a scroll of acquirement {unknown}
Potions
 g - a potion of lignification
 h - a potion of invisibility
 k - a potion of brilliance
 n - a potion of magic
 r - a potion of mutation
 C - a potion of cancellation {unknown}
 H - 2 potions of attraction


   Skills:
 + Level 6.9 Fighting
 * Level 9.8 Axes
 * Level 7.8 Armour
 * Level 6.4 Shields
 + Level 6.8 Invocations
 + Level 3.2 Evocations


You had 8 spell levels left.
You didn't know any spells.
Your spell library contained the following spells:

 Spells                   Type           Power      Damage    Failure   Level
 Call Canine Familiar     Summ           0%         N/A       85%         3
 Sigil of Binding         Hex            0%         N/A       85%         3
 Tukima's Dance           Hex            0%         N/A       85%         3
 Volatile Blastmotes      Fire/Tloc      0%         2d10      85%         3
 Dimensional Bullseye     Hex/Tloc       0%         N/A       99%         4
 Iskenderun's Mystic Bla Conj/Tloc 0%             2d3        (+2d1     99%         4
 Vhi's Electric Charge    Tloc/Air       0%         N/A       99%         4
 Death Channel            Necr           0%         N/A       100%        6
 Gell's Gavotte           Tloc           0%         2d(11-16) 100%        6
 Sculpt Simulacrum        Ice/Alch       0%         N/A       100%        6
 Rimeblight               Ice/Necr       0%         2d3       (prima100%   7


Dungeon Overview and Level Annotations

Branches:
Dungeon (8/15)             Temple (0/1) D:5           Sewer (visited)
   Lair: D:8-11

Altars:
Qazlal
Xom
Yredelemnul

Shops:
D:2 (   D:3 (

Annotations:
D:6 1 runed translucent door, Pikel


Innate Abilities, Weirdness & Mutations

Your facial features look somewhat orcish.
Your spellcasting is much less encumbered by armour.
You can use scrolls of enchantment on lesser artefacts.


Message History

You throw a curare-tipped dart. The curare-tipped dart hits Korbok.
Korbok is poisoned.
Korbok struggles to breathe.
Korbok seems to slow down.
Korbok is lightly wounded.
You feel very mighty all of a sudden.
You hit Korbok. You burn Korbok.
Korbok is lightly wounded.
Korbok hits you with a +5 great sword of pain!
You hit Korbok but do no damage.
Korbok is lightly wounded.
Korbok hits you with a +5 great sword of pain!
You writhe in agony.
You puncture Korbok! You burn Korbok.
Korbok is moderately wounded.
Korbok hits you with a +5 great sword of pain!
You writhe in agony.
You hit Korbok. You burn Korbok.
Korbok is moderately wounded.
You closely miss Korbok.
Korbok is heavily wounded.
Korbok closely misses you.
You puncture Korbok! You burn Korbok.
Korbok is heavily wounded.
Korbok hits you but does no damage.
You writhe in agony.
You closely miss Korbok.
Korbok is heavily wounded.
Korbok hits you with a +5 great sword of pain!
* * * LOW HITPOINT WARNING * * *
You writhe in agony.
* * * LOW HITPOINT WARNING * * *
You hit Korbok. You burn Korbok.
Korbok is severely wounded.
You barely miss Korbok.
Korbok is severely wounded.
Korbok hits you with a +5 great sword of pain!
* * * LOW HITPOINT WARNING * * *
You hit Korbok but do no damage.
Korbok is severely wounded.
Korbok hits you with a +5 great sword of pain!
You die...

#...#####.###o# #o#
##.## #.# #[# #.#
...# #o# #o#### #.#
#### #.# #.(..# #.# #
#.# ####.# ####.# #
#.# #.# #....# # #.#
#(##########.#### #
#.# #o##....o..o.# #
#.## #@##.######### #
#..# #.##.# ##.#
#.##.# ##########.#
#.##o# ...........#
#.##.#
#######.#..#####.##.#
# ##.......o....#># #
#......)......#.#####
#
##...#.######.#.....#


You could see Korbok the orc apostle (poisoned, slow, divinely empowered).

Vanquished Creatures
  A komodo dragon (D:8)
  A hornet (D:7)
  A wyvern (D:7)
  2 steam dragons
  2 water moccasins
  Pargi (Sewer)
  A sky beast (D:7)
  2 black bears
  4 ogres
  2 ice beasts
  A phantom (D:4)
  A kobold brigand (Sewer)
  A brain worm (Sewer)
  5 scorpions
  2 bullfrogs
  2 howler monkeys
  A bombardier beetle (D:6)
  2 hounds
  4 orc priests
  2 gnoll boudas (D:6)
  2 iguanas
  Robin (D:4)
  23 gnolls
  3 adders
  A white imp (D:5)
  2 ufetubi (D:6)
  3 ribbon worms
  4 dart slugs
  7 orcs
  5 ball pythons
  6 endoplasms
  7 giant cockroaches
  21 goblins
  7 hobgoblins
  3 jackals (D:3)
  7 quokkas
  5 bats
  9 frilled lizards
  7 kobolds
  9 rats
170 creatures vanquished.

Vanquished Creatures (collateral kills)
  A sky beast (D:7)
  An ogre (D:7)
2 creatures vanquished.

Vanquished Creatures (others)
  An orc apostle (D:7)
  5 orcs
  3 goblins (D:4)
9 creatures vanquished.

Grand Total: 181 creatures vanquished

Notes
Turn   | Place    | Note
-------+----------+-------------------------------------------
     0 | D:1      | ohnonotagain the Mountain Dwarf Fighter began the quest for
                  | the Orb.
     0 | D:1      | Reached XP level 1. HP: 19/19 MP: 1/1
   212 | D:1      | Reached XP level 2. HP: 19/26 MP: 2/2
   267 | D:1      | Reached skill level 3 in Axes
   588 | D:1      | Reached XP level 3. HP: 29/31 MP: 3/3
   807 | D:2      | Became a worshipper of Beogh the Shepherd
  1202 | D:2      | Found Ogazxoy's Weapon Shop.
  1271 | D:2      | Found a faded altar of an unknown god.
  1535 | D:2      | Reached XP level 4. HP: 12/40 MP: 4/4
  1862 | D:3      | Reached skill level 4 in Axes
  1862 | D:3      | Reached skill level 1 in Invocations
  2043 | D:3      | Found a glowing drain.
  2049 | D:3      | Reached * piety under Beogh
  2061 | Sewer    | Entered a sewer
  2091 | Sewer    | Noticed a kobold brigand
  2095 | Sewer    | Killed a kobold brigand
  2096 | Sewer    | Reached XP level 5. HP: 17/46 MP: 6/6
  2240 | Sewer    | Reached skill level 5 in Axes
  2240 | Sewer    | Reached XP level 6. HP: 48/53 MP: 5/7
  2294 | Sewer    | Identified the +6 trident "Weloan" {flame, Will++ Str+6}
  2309 | Sewer    | Noticed Pargi
  2323 | Sewer    | Killed Pargi
  2426 | D:3      | Found Ceor's Antique Weapon Emporium.
  2447 | D:3      | Found a stormy altar of Qazlal.
  3383 | D:4      | Reached skill level 6 in Axes
  3383 | D:4      | Reached XP level 7. HP: 60/60 MP: 9/9
  3571 | D:4      | Noticed Robin
  3580 | D:4      | Reached ** piety under Beogh
  3588 | D:4      | Reached skill level 5 in Armour
  3596 | D:4      | Killed Robin
  3835 | D:4      | Reached skill level 5 in Fighting
  3993 | D:5      | Entered Level 5 of the Dungeon
  3996 | D:5      | Found a staircase to the Ecumenical Temple.
  4102 | D:5      | Reached skill level 7 in Axes
  4449 | D:5      | Reached XP level 8. HP: 69/69 MP: 11/11
  4480 | D:5      | Reached skill level 5 in Invocations
  4980 | D:5      | Reached skill level 8 in Axes
  5417 | D:6      | Found a runed translucent door.
  5643 | D:6      | Reached skill level 1 in Evocations
  5767 | D:6      | Found a shimmering altar of Xom.
  5988 | D:6      | Reached *** piety under Beogh
  6014 | D:6      | Identified the +2 robe of Pich {rN+ Int+3 SInv Stlth-}
  6014 | D:6      | Noticed Warrok
  6019 | D:6      | HP: 3/70 [Warrok the orc apostle/sting (21)]
  6028 | D:6      | Anointed Warrok the wizard as your apostle
  6269 | D:6      | Found a basalt altar of Yredelemnul.
  6621 | D:6      | Noticed Pikel
  6694 | D:7      | Reached skill level 5 in Shields
  6694 | D:7      | Reached XP level 9. HP: 43/75 MP: 13/13
  6881 | D:7      | Reached skill level 9 in Axes
  7123 | D:7      | Paralysed by a hornet for 2 turns
  7127 | D:7      | Your ally Warrok died
  7420 | D:8      | Noticed a komodo dragon
  7579 | D:8      | Killed a komodo dragon
  7613 | D:7      | Identified the +11 plate armour of Makhleb's Fury {*Slow
                  | +Blink Int-2 Slay+5}
  7613 | D:7      | Noticed Korbok
  7832 | D:7      | Mangled by Korbok the orc apostle

Illustrated notes

Levels and vault maps discovered:
D:1:      dpeg_arrival_lava_temple_mockup, layout_loops_ring, st_stairs_6,
          minmay_domino_2
D:2:      cheibrodos_pilgrimage, layout_loops_ring, serial_shops, shop,
          nicolae_ecumenical_lake_church
D:3:      layout_loops_corners, nicolae_qazlal_scattered_showers,
          portal_sewer_entry_f, serial_shops, shop
D:4:      layout_basic, uniq_robin
D:5:      layout_layer_cave, minmay_temple_entry_tees
D:6:      layout_loops_ring, general_overflow_altar,
          regret_index_xom_buried_treasure, minmay_misc_feat_doors,
          lightli_church_of_beogh, uniq_pikel
D:7:      layout_loops_ring
D:8:      layout_loops_ring, due_lair_maze_entry_diamond

Skill      XL: |  1  2  3  4  5  6  7  8  9 |
---------------+----------------------------+-----
Axes           | 3 4 5 6 7 8 9 |  9.8
Invocations    | 1 2 3 4 5 6 |  6.8
Fighting       | 4 5 6 |  6.9
Armour         | 4 5 6 7 |  7.8
Shields        | 4 5 6 |  6.4
Evocations     | 1 3 |  3.2

Action                     |  1- 3 |  4- 6 |  7- 9 || total
---------------------------+-------+-------+-------++-------
  Melee: War axe           |   192 |    87 |       ||   279
         Trident           |       |    31 |   247 ||   278
  Throw: Dart              |       |     1 |     5 ||     6
 Invoke: Convert to Beogh  |     1 |       |       ||     1
         Recruit Apostle   |       |       |     1 ||     1
    Use: Potion            |       |     1 |     8 ||     9
         Scroll            |       |     4 |     9 ||    13
   Stab: Distracted        |       |       |     1 ||     1
 Armour: Scale mail        |   141 |    90 |   166 ||   397
         Skin              |       |       |     3 ||     3
  Dodge: Dodged            |    88 |    65 |   105 ||   258
  Block: Buckler           |    46 |    31 |    48 ||   125

Table legend: (Time is in decaauts)
 A = Elapsed time spent in this place.
 B = Non-inter-level travel time spent in this place.
 C = Inter-level travel time spent in this place.
 D = Time resting spent in this place.
 E = Time spent auto-exploring this place.
 F = Levels seen in this place.
 G = Mean time per level.
                   A        B        C        D        E       F      G
               +--------+--------+--------+--------+--------+-----+--------+
         Total |   7973 |   7655 |    318 |    455 |   5706 |   9 |  885.9 |
       Dungeon |   7603 |   7285 |    318 |    455 |   5427 |   8 |  950.4 |
         Sewer |    369 |    369 |      0 |      0 |    278 |   1 |  369.0 |
               +--------+--------+--------+--------+--------+-----+--------+

Top non-repeatable levels by time:
     D:5: 1353 daAuts
     D:6: 1351 daAuts
     D:2: 1178 daAuts
     D:7: 1128 daAuts
     D:3: 1108 daAuts
     D:1: 771 daAuts
     D:4: 683 daAuts
   Sewer: 369 daAuts
     D:8: 28 daAuts
